 Dungeon Crawl Stone Soup version 0.26-a0-652-gafc20e3620 (webtiles) character file.

Game seed: 1808149783300941511

53465 reriks the Eclecticist (level 14, -7/70 HPs)
             Began as a Deep Elf Ice Elementalist on Oct 3, 2020.
             Was an Elder of Vehumet.
             Mangled by a thorn hunter (13 damage)
             ... on level 2 of the Swamp.
             The game lasted 02:01:05 (34349 turns).

reriks the Eclecticist (Deep Elf Ice Elementalist) Turns: 34349, Time: 02:01:05

Health: -7/70      AC: 22    Str:  8    XL:     14   Next: 31%
Magic:  23/35      EV: 23    Int: 26    God:    Vehumet [****..]
Gold:   1632       SH:  5    Dex: 15    Spells: 16/43 levels left

rFire    . . .     SeeInvis .   v - staff of cold
rCold    + + .     Faith    .   (no shield)
rNeg     . . .     Spirit   .   F - +2 robe {MR+}
rPois    +         Reflect  +   t - +1 helmet
rElec    .         Harm     .   G - +2 cloak
rCorr    +         Rampage  .   (no gloves)
MR       ++...                  (no boots)
Stlth    ++++++....             w - amulet of reflection
HPRegen  0.21/turn              E - ring of poison resistance
MPRegen  0.24/turn              e - ring of Zolerap {rC+ rCorr Str+3 Stlth+}

@: icy armour
A: no striking features
a: Renounce Religion


You were on level 2 of the Swamp.
You worshipped Vehumet.
Vehumet was greatly pleased with you.
You visited 5 branches of the dungeon, and saw 23 of its levels.

You collected 1822 gold pieces.
You spent 190 gold pieces at shops.

Inventory:

Hand Weapons
 a - a +3 vorpal hunting sling
 Y - the +12 war axe "Astraguha" {speed, rF+ MP+9 Int-4}
   (You found it on level 4 of the Lair of Beasts)

   Attacks with this weapon are significantly faster.
   It affects your intelligence (-4).
   It protects you from fire.
   It affects your magic capacity (+9).
Missiles
 s - 370 stones (quivered)
Armour
 r - a +0 robe
 t - a +1 helmet (worn)
 z - a +0 robe
 F - a +2 robe of magic resistance (worn)
 G - a +2 cloak (worn)
 N - the +1 ring mail of Orown {Int+3}
   (You found it on level 9 of the Dungeon)

   It affects your intelligence (+3).
Magical Staves
 v - an uncursed staff of cold (weapon)
Jewellery
 b - a -4 ring of dexterity
 e - the ring of Zolerap (right hand) {rC+ rCorr Str+3 Stlth+}
   (You found it on level 5 of the Lair of Beasts)

   [ring of resist corrosion]

   It affects your strength (+3).
   It protects you from cold.
   It provides partial protection from all sources of acid and corrosion.
   It makes you more stealthy.
 g - the ring "Nuenyju" {rC+ Str+6}
   (You bought it in a shop on level 2 of the Orcish Mines)

   [ring of strength]

   It affects your strength (+6).
   It protects you from cold.
 k - a +6 ring of strength
 l - an uncursed amulet of magic regeneration
 m - a cursed amulet of inaccuracy
 n - a +4 ring of evasion
 w - an amulet of reflection (around neck)
 x - an uncursed amulet of guardian spirit
 E - a ring of poison resistance (left hand)
 H - an uncursed ring of protection from cold
 K - an uncursed amulet of reflection
 S - an uncursed ring of stealth
 V - an uncursed ring of see invisible
 W - an uncursed ring of protection from magic
Wands
 y - a wand of paralysis (8)
 I - a wand of enslavement (7)
 L - a wand of flame (6)
 P - a wand of digging (4)
 Q - a wand of iceblast (18)
 U - a wand of random effects (9)
 X - a wand of polymorph (8)
Scrolls
 d - 4 scrolls of teleportation
 h - 2 scrolls of identify
 i - 7 scrolls of remove curse
 j - 10 scrolls of fog
 C - 5 scrolls of enchant weapon
 J - 4 scrolls of amnesia
 Z - 2 scrolls of fear
Potions
 c - 2 potions of berserk rage
 f - 5 potions of curing
 o - 3 potions of magic
 p - 2 potions of ambrosia
 q - 2 potions of haste
 u - 4 potions of degeneration
 A - a potion of brilliance
 B - 4 potions of heal wounds
 D - 2 potions of mutation
 M - a potion of cancellation
 O - 4 potions of stabbing
 R - 3 potions of lignification
 T - a potion of might


   Skills:
 + Level 1.0 Fighting
 - Level 1.7 Axes
 + Level 4.3 Armour
 * Level 15.0 Dodging
 - Level 12.4 Stealth
 + Level 15.0 Spellcasting
 - Level 11.0 Hexes
 + Level 13.3 Ice Magic


You had 16 spell levels left.
You knew the following spells:

 Your Spells              Type           Power        Failure   Level
a - Freeze                Ice            ####         0%          1
b - Frozen Ramparts       Ice            ######       1%          3
c - Ozocubu's Armour      Ice            #######.     1%          3
d - Hailstorm             Conj/Ice       ######..     1%          4
e - Passwall              Tmut/Erth      ###.....     4%          2
f - Metabolic Englaciati  Hex/Ice        #######...   1%          5
g - Freezing Cloud        Conj/Ice/Air   ######....   17%         6
h - Sandblast             Erth           ###...       1%          1
i - Poisonous Vapours     Pois/Air       ###...       4%          2

Your spell library contained the following spells:

 Spells                   Type           Power        Failure   Level
 Olgreb's Toxic Radiance  Pois           ###.....     7%          4
 Foxfire                  Conj/Fire      ###.         1%          1
 Confusing Touch          Hex            ######..     1%          3
 Inner Flame              Hex/Fire       #####...     1%          3
 Ice Form                 Ice/Tmut       ######..     1%          4
 Summon Ice Beast         Ice/Summ       ######..     1%          4
 Ozocubu's Refrigeration  Ice            #######...   1%          6
 Animate Skeleton         Necr           ###...       2%          1
 Beastly Appendage        Tmut           ###...       2%          1
 Pain                     Necr           ###.         2%          1
 Conjure Flame            Conj/Fire      ###.....     2%          3
 Ignite Poison            Fire/Tmut/Pois ###.....     2%          3
 Mephitic Cloud           Conj/Pois/Air  ###.....     2%          3
 Stone Arrow              Conj/Erth      ###...       2%          3
 Yara's Violent Unravell  Hex/Tmut       #####.....   2%          5
 Wereblood                Tmut           ###.....     4%          2
 Sticky Flame             Conj/Fire      ###.....     7%          4
 Gell's Gravitas          Tloc           ###.......   9%          3
 Spider Form              Tmut/Pois      ###.......   9%          3
 Vampiric Draining        Necr           ###.......   9%          3
 Fireball                 Conj/Fire      ###.......   19%         5
 Irradiate                Conj/Tmut      ###.......   19%         5
 Lee's Rapid Deconstruct  Erth           ###.......   19%         5
 Animate Dead             Necr           ###.......   26%         4
 Petrify                  Tmut/Erth      ###.....     26%         4
 Simulacrum               Ice/Necr       ######....   26%         6
 Agony                    Necr           ###.....     58%         5
 Blade Hands              Tmut           ###.......   58%         5
 Starburst                Conj/Fire      ###.......   67%         6
 Hydra Form               Tmut           ###.......   99%         6
 Statue Form              Tmut/Erth      ###......    99%         6
 Dragon Form              Tmut           ###.......   100%        7
 Ignition                 Fire           ###.......   100%        8


Dungeon Overview and Level Annotations

Branches:
Dungeon (12/15)            Temple (1/1) D:7            Lair (6/6) D:9
  Swamp (2/4) Lair:2        Snake (0/4) Lair:3        Slime (0/5) Lair:6
    Orc (2/2) D:10            Elf (0/3) Orc:2

Altars:
Ashenzari
Cheibriados
Dithmenos
Elyvilon
Fedhas
Gozag
Hepliaklqana
Kikubaaqudgha
Makhleb
Nemelex Xobeh
Okawaru
Qazlal
Ru
Sif Muna
Trog
Uskayaw
Vehumet
Wu Jian
Xom
Yredelemnul
Zin
The Shining One
Beogh
Jiyva

Shops:
Orc:2 ((*!

Annotations:
D:10 1 runed translucent door, AGayBaby's ghost, novice MiFi
D:11 Josephine
Lair:6 Rupert


Message History

Casting: Freeze (safe; 0% risk of failure)
Confirm with . or Enter, or press ? or * to list all spells.
Aiming: Freeze (safe; 0% risk of failure)
Press: ? - help, Shift-Dir - straight line, f/p - thorn hunter
Aim: a thorn hunter (heavily damaged)
You feel a surge of power!
You freeze the thorn hunter!
The thorn hunter is heavily damaged.
The thorn hunter fires a volley of thorns at you.
The volley of thorns hits you!!!
Ouch! That really hurt!
* * * LOW HITPOINT WARNING * * *
Casting: Freeze (safe; 0% risk of failure)
Confirm with . or Enter, or press ? or * to list all spells.
Aiming: Freeze (safe; 0% risk of failure)
Press: ? - help, Shift-Dir - straight line, f/p - thorn hunter
Aim: a thorn hunter (heavily damaged)
You feel a surge of power!
You freeze the thorn hunter.
The thorn hunter is heavily damaged.
The thorn hunter hits you!
You die...

♣♣♣♣♣ ♣...≈♣♣♣♣♣
♣♣♣♣♣♣♣ $......≈≈.♣♣
♣♣≈≈....♣
≈≈≈.≈≈≈.≈.≈.♣♣♣§.≈≈≈≈.♣
.≈..§≈≈)♣.≈§♣§..≈≈≈≈≈.♣
..}.≈≈....@.≈≈≈(≈≈≈≈≈≈.
....≈≈≈≈..f..≈≈.§≈≈≈≈≈.
...≈≈≈♣♣≈≈....≈≈≈≈≈≈≈≈
≈≈.....○...≈♣♣.≈≈≈≈≈≈≈≈
≈≈..♣♣☼..≈≈≈≈♣..≈≈(○☼≈≈
(.t.○○....≈≈≈§≈..≈..≈≈≈
...≈≈≈≈.≈≈≈≈.≈...≈≈≈≈≈.
....≈..≈≈≈≈≈....♣.≈≈≈≈.
≈≈≈..♣...≈≈PP...♣..≈≈..


You could see a thorn hunter.

Vanquished Creatures
  A catoblepas (Lair:2)
  9 hydras
  A ghost crab (Swamp:1)
  Harold (D:7)
  An alligator (Swamp:1)
  8 death yaks
  A two-headed ogre (D:10)
  2 swamp dragons
  An orc knight (Orc:1)
  7 orc sorcerers (Orc:2)
  6 elephants (Lair:5)
  6 black mambas
  3 oklob plants (Lair:4)
  11 cane toads
  3 rime drakes
  11 komodo dragons
  A troll (D:12)
  2 tyrant leeches
  3 polar bears
  2 hornets (Swamp:1)
  5 blink frogs (Lair:5)
  Grinder (D:3)
  8 hippogriffs
  3 bog bodies
  4 dream sheep (Lair:5)
  2 spriggans (Swamp:1)
  2 wyverns
  A wraith (D:11)
  25 yaks
  A basilisk (Lair:1)
  2 vampire mosquitoes (Swamp:1)
  A steam dragon (Lair:2)
  6 wargs (Orc:2)
  Menkaure (D:5)
  3 nagas (Lair:3)
  Duvessa (D:5)
  6 swamp worms
  12 water moccasins
  10 porcupines
  3 swamp drakes
  A sky beast (D:6)
  A hornet zombie (D:9)
  2 black bears (D:8)
  18 wolves
  An eye of draining (D:10)
  10 orc warriors
  2 ice beasts
  6 ogres
  2 centaurs
  14 crocodiles
  A big kobold (D:5)
  12 bullfrogs
  Blork the orc (D:6)
  Dowan (D:5)
  A wyvern zombie (D:9)
  A water moccasin zombie (D:8)
  5 scorpions
  5 wights (D:9)
  An electric eel (Lair:2)
  A jelly (D:11)
  A gnoll shaman (D:8)
  6 hounds
  2 quasits
  12 orc priests
  3 centaur skeletons
  37 orc wizards
  3 iguanas
  3 worker ants
  Robin (D:3)
  16 gnolls
  15 adders
  2 shadow imps
  A white imp (D:8)
  3 oozes
  An ufetubus (D:10)
  An adder zombie (D:8)
  4 worms
  4 dart slugs
  3 leopard geckos
  63 orcs
  A ball python (D:5)
  2 giant cockroaches (D:1)
  17 goblins
  8 hobgoblins
  4 jackals (D:4)
  2 quokkas
  8 bats
  2 frilled lizards
  8 kobolds
  A quokka skeleton (D:5)
  A quokka zombie (D:5)
  4 rats
502 creatures vanquished.

Vanquished Creatures (others)
  2 briar patches (Swamp:2)
  2 bushes (Lair:3)
  62 fungi
  121 plants
187 creatures vanquished.

Grand Total: 689 creatures vanquished

Notes
Turn   | Place    | Note
-------+----------+-------------------------------------------
     0 | D:1      | reriks the Deep Elf Ice Elementalist began the quest for
                  | the Orb.
     0 | D:1      | Reached XP level 1. HP: 10/10 MP: 6/6
   125 | D:1      | Reached XP level 2. HP: 14/15 MP: 5/8
   500 | D:1      | Reached XP level 3. HP: 19/19 MP: 7/10
   798 | D:1      | Learned a level 3 spell: Frozen Ramparts
   802 | D:1      | Learned a level 3 spell: Ozocubu's Armour
  1292 | D:2      | Reached XP level 4. HP: 21/24 MP: 7/11
  1611 | D:3      | Reached skill level 5 in Ice Magic
  1789 | D:3      | Noticed Grinder
  2161 | D:3      | Reached XP level 5. HP: 28/28 MP: 13/13
  2273 | D:3      | Noticed Robin
  2302 | D:3      | Killed Robin
  3416 | D:4      | Learned a level 4 spell: Hailstorm
  3419 | D:4      | Learned a level 2 spell: Passwall
  3894 | D:5      | Entered Level 5 of the Dungeon
  3894 | D:5      | Noticed Menkaure
  4541 | D:4      | Found a stormy altar of Qazlal.
  4780 | D:5      | Reached skill level 5 in Spellcasting
  4780 | D:5      | Reached XP level 6. HP: 32/32 MP: 11/15
  5106 | D:5      | Noticed Duvessa
  5110 | D:5      | Noticed Dowan
  5122 | D:5      | Killed Duvessa
  5122 | D:5      | Reached skill level 5 in Stealth
  5272 | D:5      | Killed Dowan
  5272 | D:5      | Reached skill level 5 in Dodging
  5272 | D:5      | Reached XP level 7. HP: 36/36 MP: 17/17
  5509 | D:5      | Killed Menkaure
  5764 | D:5      | Learned a level 5 spell: Metabolic Englaciation
  6034 | D:6      | Reached skill level 1 in Hexes
  6044 | D:6      | Reached XP level 8. HP: 41/41 MP: 17/20
  6156 | D:6      | Noticed Blork the orc
  6166 | D:6      | Killed Blork the orc
  6546 | D:7      | Found a shimmering blue altar of Sif Muna.
  6774 | D:7      | Found a staircase to the Ecumenical Temple.
  6791 | Temple   | Entered the Ecumenical Temple
  6972 | D:7      | Noticed Harold
  6986 | D:7      | Killed Harold
  6986 | D:7      | Reached XP level 9. HP: 21/45 MP: 15/23
  7413 | D:7      | Learned a level 6 spell: Freezing Cloud
  7860 | D:8      | Reached skill level 5 in Hexes
  8052 | D:8      | Found a shimmering blue altar of Sif Muna.
  8284 | D:8      | Learned a level 1 spell: Sandblast
  9719 | D:3      | Killed Grinder
 10089 | D:9      | Got an ichor-stained ring mail
 10226 | D:9      | Found a snail-covered altar of Cheibriados.
 10228 | D:9      | Found a radiant altar of Vehumet.
 10228 | D:9      | Found a hide-covered altar of Uskayaw.
 10228 | D:9      | Found a shadowy altar of Dithmenos.
 10228 | D:9      | Found a glowing silver altar of Zin.
 10266 | D:9      | Reached XP level 10. HP: 50/50 MP: 20/25
 10418 | D:9      | Became a worshipper of Vehumet
 10652 | D:9      | Found a staircase to the Lair.
 11188 | D:10     | Entered Level 10 of the Dungeon
 11388 | D:10     | Learned a level 2 spell: Poisonous Vapours
 11450 | D:10     | Reached * piety under Vehumet
 11450 | D:10     | Offered knowledge of Magic Dart by Vehumet.
 11559 | D:10     | Found a staircase to the Orcish Mines.
 11580 | D:10     | Noticed a two-headed ogre
 11588 | D:10     | Killed a two-headed ogre
 11588 | D:10     | Reached skill level 10 in Stealth
 11588 | D:10     | Reached skill level 10 in Spellcasting
 11632 | D:10     | Found a runed translucent door.
 11634 | D:10     | Found a shimmering altar of Xom.
 11634 | D:10     | Noticed a +1 flail of chaos
 11634 | D:10     | Noticed AGayBaby's ghost (novice MiFi)
 12266 | Orc:1    | Entered Level 1 of the Orcish Mines
 12588 | Orc:2    | Entered Level 2 of the Orcish Mines
 12588 | Orc:2    | Noticed an orc knight
 12755 | Lair:1   | Entered Level 1 of the Lair of Beasts
 12755 | Lair:1   | Noticed a cane toad
 12764 | Lair:1   | Killed a cane toad
 13232 | Lair:1   | Noticed a cane toad
 13237 | Lair:1   | Killed a cane toad
 13522 | Lair:1   | Reached XP level 11. HP: 54/54 MP: 21/27
 14109 | Lair:2   | Noticed a catoblepas
 14273 | Lair:1   | Reached skill level 10 in Dodging
 14568 | Lair:1   | Reached skill level 10 in Ice Magic
 15339 | Lair:2   | Offered knowledge of Searing Ray by Vehumet.
 15571 | Lair:2   | Reached ** piety under Vehumet
 15641 | Lair:2   | Killed a catoblepas
 16028 | Lair:2   | Noticed a six-headed hydra
 16268 | Orc:1    | Killed an orc knight
 16756 | Orc:2    | Reached skill level 10 in Hexes
 17630 | Orc:2    | Noticed an orc sorcerer
 17638 | Orc:2    | Killed an orc sorcerer
 17638 | Orc:2    | Offered knowledge of Static Discharge by Vehumet.
 17654 | Orc:2    | Noticed an orc sorcerer
 17656 | Orc:2    | Reached *** piety under Vehumet
 17661 | Orc:2    | Killed an orc sorcerer
 17661 | Orc:2    | Reached XP level 12. HP: 27/59 MP: 13/29
 18874 | D:11     | Noticed a six-headed hydra
 19360 | D:11     | Offered knowledge of Fulminant Prism by Vehumet.
 19482 | D:11     | Noticed Josephine
 19844 | Lair:2   | Killed a six-headed hydra
 19930 | Lair:2   | Found a staircase to the Swamp.
 21492 | Lair:3   | Noticed a seven-headed hydra
 21509 | Lair:3   | Killed a seven-headed hydra
 21734 | Lair:3   | Found a staircase to the Snake Pit.
 22308 | Lair:3   | Noticed a death yak
 22309 | Lair:3   | Noticed a death yak
 22309 | Lair:3   | Noticed a death yak
 22309 | Lair:3   | Noticed a death yak
 22310 | Lair:3   | Noticed a death yak
 22341 | Lair:3   | Killed a death yak
 22740 | Lair:3   | Killed a death yak
 23132 | Lair:3   | Noticed a death yak
 23172 | Lair:3   | Killed a death yak
 23173 | Lair:3   | Killed a death yak
 23194 | Lair:3   | Killed a death yak
 23200 | Lair:3   | Reached **** piety under Vehumet
 23203 | Lair:3   | Reached XP level 13. HP: 53/63 MP: 9/32
 24456 | Lair:3   | Reached skill level 1 in Armour
 24544 | Lair:4   | Offered knowledge of Lightning Bolt by Vehumet.
 25597 | Lair:4   | Got a twisted war axe
 26427 | Lair:5   | HP: 1/63 [cloud of freezing vapour (9)]
 27149 | Orc:2    | Reached ***** piety under Vehumet
 27160 | Orc:2    | Offered knowledge of Olgreb's Toxic Radiance by Vehumet.
 27369 | Orc:2    | Found a roughly hewn altar of Beogh.
 27419 | Orc:2    | Found Wydoibla's Assorted Antiques.
 27419 | Orc:2    | Found Farimi's Distillery.
 27482 | Orc:2    | Found a staircase to the Elven Halls.
 27519 | Orc:2    | Found Howonem's Antique Weapon Shoppe.
 27519 | Orc:2    | Found Petoareoci's Weapon Boutique.
 28225 | Orc:2    | Bought a bound wooden ring for 190 gold pieces
 28226 | Orc:2    | Identified the ring "Nuenyju" {rC+ Str+6} (You bought it in
                  | a shop on level 2 of the Orcish Mines)
 29268 | Lair:4   | Identified the +12 war axe "Astraguha" {speed, rF+ MP+9
                  | Int-4} (You found it on level 4 of the Lair of Beasts)
 29269 | Lair:4   | Identified the +1 ring mail of Orown {Int+3} (You found it
                  | on level 9 of the Dungeon)
 29952 | Lair:5   | Reached skill level 1 in Axes
 29952 | Lair:5   | Reached XP level 14. HP: 55/68 MP: 33/34
 30373 | Lair:5   | Got a bound marble ring
 30382 | Lair:5   | Identified the ring of Zolerap {rC+ rCorr Str+3 Stlth+}
                  | (You found it on level 5 of the Lair of Beasts)
 30666 | Lair:6   | Entered Level 6 of the Lair of Beasts
 30836 | Lair:6   | Found a staircase to the Slime Pits.
 30836 | Lair:6   | Found a viscous altar of Jiyva.
 30836 | Lair:6   | Noticed Rupert
 31096 | Swamp:1  | Entered Level 1 of the Swamp
 33666 | Swamp:2  | Reached skill level 15 in Spellcasting
 33677 | Swamp:2  | Reached skill level 15 in Dodging
 33923 | Swamp:2  | Reached skill level 1 in Fighting
 34102 | Swamp:2  | Noticed a thorn hunter
 34349 | Swamp:2  | Mangled by a thorn hunter

Illustrated notes

Levels and vault maps discovered:
D:1:      minmay_arrival_hallway, layout_rooms
D:2:      layout_loops_cross
D:3:      layout_basic, uniq_robin, uniq_grinder
D:4:      layout_basic, nicolae_qazlal_eye_of_the_storm
D:5:      layout_gridville, gup_sewer_entry_glass, minivault_4, uniq_duvessa,
          uniq_menkaure
D:6:      layout_rooms, uniq_blork_the_orc
D:7:      layout_rooms, nicolae_overflow_hidden_temple,
          minmay_temple_entry_gardened_gates, due_unseen_surprise, uniq_harold
D:8:      kennysheep_orc_sif_temple, layout_basic, item_on_display_a
D:9:      layout_loops_ring, grunt_temple_overflow_open, lair_entry_dummy,
          st_stairs_3
D:10:     layout_cave_pools, orc_0_dummy, ebering_ghost_xom, grunt_ministairs_1
D:11:     layout_irregular_city, kennysheep_nub, uniq_josephine
D:12:     layout_cave_pools, serial_shops, shop_fountains, enter_trove_5,
          uniq_fannar
Temple:   minmay_freezing_vapour_temple
Lair:1:   layout_regular_city
Lair:2:   layout_regular_city, nicolae_swamp_entry_splash_gauntlet,
          beast_lair_carwin_5
Lair:3:   layout_regular_city, minmay_snake_entry_guardpost_small,
          lemuel_fruit_fields
Lair:4:   layout_roguey, minmay_lair_oklob_chamber, infiniplex_staircase_pool_2,
          grunt_megastairs_2
Lair:5:   layout_small_grid
Lair:6:   minmay_lair_end_frog_pond, layout_cellular_growth, slime_altar_1,
          serial_bayou_pond_c, worms_lemuel, uniq_rupert
Swamp:1:  layout_falls_marsh, evilmike_swamp_ruin_house_4
Swamp:2:  layout_basic_swamp, evilmike_swamp_ruin_rubble_1, swamp_pool1
Orc:1:    layout_caves
Orc:2:    st_orc_town, layout_caves

Skill      XL: |  1  2  3  4  5  6  7  8  9 10 11 12 13 14 |
---------------+-------------------------------------------+-----
Stealth        | 3 4 5 6 7 9 10 11 12 | 12.4
Dodging        | 3 4 5 6 7 8 9 10 12 14 15 | 15.0
Spellcasting   | 4 5 6 8 9 10 11 13 14 15 | 15.0
Ice Magic      | 5 6 7 8 9 10 12 13 | 13.3
Hexes          | 1 4 6 8 10 11 | 11.0
Armour         | 3 4 |  4.3
Axes           | 1 |  1.7
Fighting       | 1 |  1.0

Action                   |  1- 3 |  4- 6 |  7- 9 | 10-12 | 13-15 || total
-------------------------+-------+-------+-------+-------+-------++-------
Melee: Club              |     1 |       |       |       |       ||     1
       Short sword       |     3 |     1 |       |       |       ||     4
       Halberd           |       |     7 |       |       |       ||     7
       Hunting sling     |       |       |     1 |       |       ||     1
       Staff             |       |       |       |    21 |     1 ||    22
       War axe           |       |       |       |       |    64 ||    64
 Fire: Hunting sling     |       |    69 |   220 |   234 |       ||   523
Throw: Stone             |       |       |       |    52 |   106 ||   158
 Cast: Freeze            |    44 |    49 |    59 |   296 |   201 ||   649
       Frozen Ramparts   |       |    17 |    45 |    94 |    62 ||   218
       Ozocubu's Armour  |       |       |     9 |    82 |    43 ||   134
       Sandblast         |       |       |     3 |    26 |     1 ||    30
       Hailstorm         |       |       |       |    50 |    38 ||    88
       Metabolic Englaci |       |       |       |     7 |     4 ||    11
       Poisonous Vapours |       |       |       |    14 |       ||    14
       Freezing Cloud    |       |       |       |     6 |    27 ||    33
Evoke: Wand              |       |       |     4 |     5 |       ||     9
  Use: Scroll            |     4 |     4 |     4 |    14 |     8 ||    34
       Potion            |       |       |       |       |     2 ||     2
 Stab: Sleeping          |     1 |     1 |       |       |       ||     2
Armor: Robe              |     7 |     5 |     8 |    67 |    43 ||   130
Dodge: Dodged            |    14 |    30 |    71 |   316 |   269 ||   700
Block: Other             |       |       |       |    63 |    53 ||   116
       Reflection        |       |       |       |    11 |     1 ||    12

Table legend: (Time is in decaauts)
 A = Elapsed time spent in this place.
 B = Non-inter-level travel time spent in this place.
 C = Inter-level travel time spent in this place.
 D = Time resting spent in this place.
 E = Time spent auto-exploring this place.
 F = Levels seen in this place.
 G = Mean time per level.
                   A        B        C        D        E       F      G
               +--------+--------+--------+--------+--------+-----+--------+
         Total |  34611 |  32303 |   2308 |  16151 |   9920 |  23 | 1504.8 |
       Dungeon |  14652 |  13267 |   1385 |   5343 |   5064 |  12 | 1221.0 |
        Temple |     23 |     23 |      0 |      0 |     10 |   1 |   23.0 |
          Lair |  13565 |  12844 |    721 |   7403 |   3519 |   6 | 2260.8 |
         Swamp |   2852 |   2824 |     28 |   1786 |    722 |   2 | 1426.0 |
  Orcish Mines |   3516 |   3343 |    173 |   1618 |    605 |   2 | 1758.0 |
               +--------+--------+--------+--------+--------+-----+--------+

Top non-repeatable levels by time:
  Lair:3: 3547 daAuts
  Lair:4: 3460 daAuts
  Lair:2: 3237 daAuts
   Orc:2: 2402 daAuts
 Swamp:1: 2392 daAuts
     D:9: 2086 daAuts
     D:8: 1778 daAuts
  Lair:5: 1636 daAuts
  Lair:1: 1529 daAuts
     D:4: 1488 daAuts
     D:3: 1457 daAuts
    D:10: 1339 daAuts
     D:5: 1321 daAuts
     D:2: 1282 daAuts
   Orc:1: 1113 daAuts
